 Dungeon Crawl Stone Soup version 0.29-a0-723-gce39da1c22 (webtiles) character file.

Game seed: 346215105911519381

105 ytrimaz the Chopper (level 4, -1/35 HPs)
             Began as a Demonspawn Fighter on June 28, 2022.
             Slain by Crazy Yiuf
             ... wielding a +2 quarterstaff of chaos
              (13 damage)
             ... on level 3 of the Dungeon.
             The game lasted 00:03:56 (2628 turns).

ytrimaz the Chopper (Demonspawn Fighter)            Turns: 2628, Time: 00:03:58

Health: -1/35      AC:  7    Str: 18    XL:     4   Next: 53%
Magic:  4/4        EV: 10    Int:  9    God:
Gold:   153        SH:  4    Dex: 13    Spells: 3/3 levels left

rFire   . . .      SeeInvis .   a - +1 war axe
rCold   + . .      Faith    .   c - +0 buckler
rNeg    + . .      Spirit   .   i - +1 leather armour of Melancholy {rPois Will++}
rPois   +          Reflect  .   (no helmet)
rElec   .          Harm     .   h - +2 cloak
rCorr   .          Rampage  .   (no gloves)
Will    ++...                   (no boots)
Stlth   +.........              (no amulet)
HPRegen 0.11/turn               e - ring of protection from cold
MPRegen 0.09/turn               q - ring of positive energy

@: no status effects
A: foul stench 2, demonic magic 1
a: no special abilities


You were on level 3 of the Dungeon.
You visited 1 branch of the dungeon, and saw 3 of its levels.

You collected 153 gold pieces.

Inventory:

Hand Weapons
 a - a +1 war axe (weapon)
Armour
 c - a +0 buckler (worn)
 h - a +2 cloak (worn)
 i - the +1 leather armour of Melancholy (worn) {rPois Will++}
   (You found it on level 2 of the Dungeon)

   rPois:     It protects you from poison.
   Will:      It greatly increases your willpower.
Jewellery
 e - a ring of protection from cold (left hand)
 p - a ring of flight
 q - a ring of positive energy (right hand)
Scrolls
 g - a scroll of blinking
 j - 2 scrolls of amnesia
 k - 2 scrolls of magic mapping
 l - 2 scrolls of enchant armour
Potions
 d - 2 potions of might
 f - a potion of curing {unknown}
 n - a potion of resistance {unknown}
 o - a potion of cancellation {unknown}


   Skills:
 - Level 3.0 Fighting
 + Level 4.4 Axes
 - Level 2.6 Armour
 - Level 2.6 Shields


You had 3 spell levels left.
You didn't know any spells.
Your spell library contained the following spells:

 Spells                   Type           Power      Damage    Failure   Level
 Frozen Ramparts          Ice            0%         1d2       88%         3
 Stone Arrow              Conj/Erth      0%         3d7       88%         3
 Tukima's Dance           Hex            0%         N/A       88%         3
 Animate Armour           Summ/Erth      0%         N/A       99%         4
 Ice Form                 Ice/Tmut       0%         N/A       99%         4
 Passage of Golubria      Tloc           0%         N/A       99%         4
 Summon Ice Beast         Ice/Summ       0%         N/A       99%         4
 Yara's Violent Unravell  Hex/Tmut       0%         3d3       100%        5
 Lehudib's Crystal Spear  Conj/Erth      0%         10d2      100%        8


Dungeon Overview and Level Annotations

Branches:
Dungeon (3/15)

Altars:

Shops:
D:1 (

Annotations:
D:3 Crazy Yiuf


Innate Abilities, Weirdness & Mutations

You sometimes emit foul miasma when damaged in melee.
Spells you cast may paralyse adjacent enemies.


Message History

Your +0 war axe glows red for a moment.
You pick up a book of Rime and begin reading...
You add the spells Frozen Ramparts, Ice Form and Summon Ice Beast to your library.
There is a shaft here.
You open the door.
There is an open door here.
There is an open door here.
Found a glowing hammer.
Found a hammer.
Found a hammer.
You see here a +0 hammer.
Found seven hammers.
Found a runed translucent door.
You see here a +0 hammer.
You see here a +0 hammer.
You see here a +1 hammer of protection.
You see here a +0 hammer.
You see here a +0 hammer.
Found a hammer.
You see here a +0 hammer.
Crazy Yiuf yells, "Lugonu!
Island water stair."
You see here a +0 hammer.
Found three hammers.
Crazy Yiuf cries, "Cod!"
You see here a +0 hammer.
You open the door.
Crazy Yiuf grits, "Mugger!
Castle high light."
You hit Crazy Yiuf.
Crazy Yiuf is lightly wounded.
Crazy Yiuf hits you with a +2 quarterstaff of chaos.
Crazy Yiuf draws strength from your wounds!
You slash Crazy Yiuf!
Crazy Yiuf is heavily wounded.
Crazy Yiuf barely misses you.
You hit Crazy Yiuf but do no damage.
Crazy Yiuf is heavily wounded.
Crazy Yiuf laughs, "Cod forty-two sow!"
Crazy Yiuf hits you with a +2 quarterstaff of chaos.
Space warps horribly around you!
Crazy Yiuf hits you with a +2 quarterstaff of chaos!
You die...

#+..+###.........#
#....#
#.........##
♣..♣.♣
##'######...
♣♣..)♣
#........... ♣♣)♣♣
#........... ♣♣)♣
#........... ♣)♣♣
#........(.. ♣♣)♣
##.######... ♣@♣♣
##.# #... #g# #..#
#... )))
#########... #)))#
........ #).)#
#######' ##### #.
##


You could see Crazy Yiuf.

Vanquished Creatures
  Natasha (twice) (D:3)
  2 worms (D:2)
  3 dart slugs
  5 endoplasms
  4 giant cockroaches
  3 goblins
  3 hobgoblins
  2 quokkas
  7 ball pythons
  2 bats
  3 frilled lizards
  3 kobolds
  5 rats
44 creatures vanquished.

Notes
Turn   | Place    | Note
-------+----------+-------------------------------------------
     0 | D:1      | ytrimaz the Demonspawn Fighter began the quest for the Orb.
     0 | D:1      | Reached XP level 1. HP: 18/18 MP: 1/1
    21 | D:1      | Reached skill level 2 in Axes
   343 | D:1      | Gained mutation: Spells you cast may paralyse adjacent
                  | enemies. [demonic ancestry]
   343 | D:1      | Reached XP level 2. HP: 24/24 MP: 2/2
   669 | D:1      | Found Diczoz's Antique Weapon Shop.
  1066 | D:2      | Identified the +1 leather armour of Melancholy {rPois
                  | Will++}
  1170 | D:2      | Reached skill level 3 in Axes
  1441 | D:2      | Gained mutation: You may rarely emit foul miasma when
                  | damaged in melee. [demonic ancestry]
  1441 | D:2      | Reached XP level 3. HP: 19/29 MP: 3/3
  2282 | D:3      | Found a faded altar of an unknown god.
  2386 | D:3      | Noticed Natasha
  2388 | D:3      | Killed Natasha
  2388 | D:3      | Noticed Natasha
  2389 | D:3      | Reached skill level 4 in Axes
  2389 | D:3      | Gained mutation: You sometimes emit foul miasma when
                  | damaged in melee. [demonic ancestry]
  2389 | D:3      | Reached XP level 4. HP: 35/35 MP: 4/4
  2397 | D:3      | Killed Natasha
  2617 | D:3      | Found a runed translucent door.
  2622 | D:3      | Noticed Crazy Yiuf
  2628 | D:3      | Slain by Crazy Yiuf

Illustrated notes

Levels and vault maps discovered:
D:1:      scummos_arrival_hexagon, layout_loops_ring, serial_shops,
          nicolae_shop_competitors_out_of_business
D:2:      layout_loops_corners
D:3:      layout_basic, hellmonk_ecumenical_altar_blasted, uniq_natasha,
          uniq_crazy_yiuf_cottage

Skill      XL: |  1  2  3 |
---------------+----------+-----
Axes           | 2 3 4 |  4.4
Fighting       | |  3.0
Armour         | |  2.6
Shields        | |  2.6

Action                   |  1- 3 |  4- 6 || total
-------------------------+-------+-------++-------
Melee: War axe           |   108 |    13 ||   121
  Use: Scroll            |     6 |     2 ||     8
Armor: Scale mail        |    28 |       ||    28
       Leather armour    |    23 |     4 ||    27
Dodge: Dodged            |    45 |     3 ||    48
Block: Buckler           |    18 |       ||    18

Table legend: (Time is in decaauts)
 A = Elapsed time spent in this place.
 B = Non-inter-level travel time spent in this place.
 C = Inter-level travel time spent in this place.
 D = Time resting spent in this place.
 E = Time spent auto-exploring this place.
 F = Levels seen in this place.
 G = Mean time per level.
                   A        B        C        D        E       F      G
               +--------+--------+--------+--------+--------+-----+--------+
         Total |   2675 |   2599 |     76 |    220 |   1854 |   3 |  891.7 |
       Dungeon |   2675 |   2599 |     76 |    220 |   1854 |   3 |  891.7 |
               +--------+--------+--------+--------+--------+-----+--------+

Top non-repeatable levels by time:
     D:2: 1379 daAuts
     D:1: 862 daAuts
     D:3: 433 daAuts
